 Dungeon Crawl Stone Soup version 0.22.0-40-g68aacdc4c8 (webtiles) character file.

303 Kaderl the Shield-Bearer (level 6, 0/48 HPs)
             Began as a Human Fighter on Sept 1, 2018.
             Succumbed to a scorpion's poison
             ... on level 4 of the Dungeon.
             The game lasted 00:10:21 (3476 turns).

Kaderl the Shield-Bearer (Human Fighter)            Turns: 3476, Time: 00:10:22

Health: 0/48       AC: 11    Str: 17    XL:     6   Next: 65%
Magic:  6/6        EV:  5    Int:  9    God:
Gold:   100        SH:  9    Dex: 13    Spells: 5/5 levels left

rFire    . . .     SeeInvis .   m - +0 mace
rCold    . . .     Gourm    .   c - +0 shield
rNeg     . . .     Faith    .   q - +1 chain mail
rPois    .         Spirit   .   (no helmet)
rElec    .         Reflect  .   (no cloak)
rCorr    .         Harm     .   s - +0 pair of gloves
MR       .....                  (no boots)
Stlth    ..........             (no amulet)
HPRegen  0.16/turn              (no ring)
MPRegen  0.10/turn              (no ring)

@: lethally poisoned (0 -> -17)
A: no striking features
a: no special abilities


You were on level 4 of the Dungeon.
You were not hungry.

You visited 1 branch of the dungeon, and saw 4 of its levels.

You collected 158 gold pieces.
You spent 58 gold pieces at shops.

Inventory:

Hand Weapons
 m - a +0 mace (weapon)
Armour
 c - a +0 shield (worn)
 q - a +1 chain mail (worn)
 s - a +0 pair of gloves (worn)
Scrolls
 a - 3 scrolls of remove curse
 b - a scroll of immolation
 g - a scroll of teleportation
 h - a scroll of random uselessness {unknown}
 j - 2 scrolls of noise
 k - a scroll of blinking {unknown}
 p - 2 scrolls of identify {unknown}
Potions
 d - a potion of might
 e - a potion of magic
 i - a potion of haste {unknown}
 l - a potion of brilliance {unknown}
 n - 2 potions of curing {unknown}
 o - a potion of ambrosia {unknown}
 r - a potion of berserk rage {unknown}
Comestibles
 f - 5 rations


   Skills:
 + Level 4.1 Fighting
 + Level 3.6 Maces & Flails
 + Level 4.0 Armour
 + Level 1.3 Dodging
 + Level 4.3 Shields


You had 5 spell levels left.
You didn't know any spells.
Your spell library contained the following spells:

 Spells                   Type           Power        Failure   Level  Hunger
 Beastly Appendage        Tmut           #.....       100%        1    ##.....
 Sticks to Snakes         Tmut           #.......     100%        2    ###....
 Spider Form              Tmut/Pois      #.........   100%        3    ####...
 Ice Form                 Ice/Tmut       #.......     100%        4    #####..
 Blade Hands              Tmut           #.........   100%        5    ######.


Dungeon Overview and Level Annotations

Branches:
Dungeon (4/15)
 Temple: D:4-7

Altars:
Elyvilon
Fedhas
Wu Jian

Shops:
D:4 [

Annotations:
D:4 Robin


Message History

* * * LOW HITPOINT WARNING * * *
You feel sick. The scorpion stings you.
* * * LOW HITPOINT WARNING * * *
You are more poisoned.
The scorpion poisons you!
You hit the scorpion but do no damage.
The scorpion is almost dead.
* * * LOW HITPOINT WARNING * * *
You feel very sick. The scorpion barely misses you.
Your shield and chain mail prevent you from hitting the scorpion.
The scorpion is almost dead.
* * * LOW HITPOINT WARNING * * *
You feel sick.
The scorpion stings you but does no damage.
It was a potion of magic.
Magic courses through your body.
* * * LOW HITPOINT WARNING * * *
You feel sick.
The scorpion stings you but does no damage.
You die...

.######(..###+###...##........#..
#...# #.# ...##..)........
#...###.###.#...........#..
#...'.._###.#.##.......##..
#...###.###...........###..
#....# #.# .#.###.....# ###
#.##.###'###...# #.###.# #.
#.........# #. #.# #.
##.#####@### # .## #.........#
#####..s..# #.....# #.....#
#.....# #######


You could see a scorpion.

Vanquished Creatures
  Blork the orc (D:4)
  A centaur skeleton (D:4)
  An orc wizard (D:3)
  A worker ant (D:4)
  6 adders
  A shadow imp (D:3)
  An ooze (D:2)
  A worm (D:2)
  A dart slug (D:3)
  5 orcs
  2 giant cockroaches
  13 hobgoblins
  5 jackals
  4 ball pythons
  4 bats
  5 frilled lizards
  14 goblins
  9 kobolds
  7 rats
82 creatures vanquished.

Notes
Turn   | Place    | Note
-------+----------+-------------------------------------------
     0 | D:1      | Kaderl the Human Fighter began the quest for the Orb.
     0 | D:1      | Reached XP level 1. HP: 18/18 MP: 1/1
   347 | D:1      | Reached XP level 2. HP: 17/24 MP: 2/2
   896 | D:1      | Reached XP level 3. HP: 29/29 MP: 3/3
  1013 | D:2      | Found a faded altar of an unknown god.
  1123 | D:3      | Reached skill level 1 in Dodging
  1431 | D:2      | Reached XP level 4. HP: 11/35 MP: 4/4
  2032 | D:2      | Found an ornate altar of the Wu Jian Council.
  2266 | D:3      | Reached XP level 5. HP: 37/42 MP: 5/5
  3069 | D:4      | Noticed Blork the orc
  3076 | D:4      | Killed Blork the orc
  3076 | D:4      | Reached XP level 6. HP: 43/48 MP: 6/6
  3077 | D:4      | Found a white marble altar of Elyvilon.
  3189 | D:4      | Noticed Robin
  3312 | D:4      | Found Desekeoq's Armour Boutique.
  3320 | D:4      | Bought a +0 pair of gloves for 58 gold pieces
  3438 | D:4      | Noticed a dagger
  3446 | D:4      | Found a blossoming altar of Fedhas.
  3474 | D:4      | HP: 2/48 [poisoned by a scorpion]
  3476 | D:4      | Succumbed to a scorpion's poison

Skill      XL: |  1  2  3  4  5  6 |
---------------+-------------------+-----
Dodging        | 1 |  1.3
Shields        | 4 |  4.3
Fighting       | 4 |  4.1
Maces & Flails | 3 |  3.6
Armour         | 4 |  4.0

Action                   |  1- 3 |  4- 6 || total
-------------------------+-------+-------++-------
Melee: Flail             |    37 |       ||    37
       Mace              |    87 |   247 ||   334
  Use: Scroll            |       |     6 ||     6
       Potion            |       |     3 ||     3
  Eat: Ration            |     1 |     2 ||     3
Armor: Scale mail        |    64 |    23 ||    87
       Chain mail        |       |   105 ||   105
Dodge: Dodged            |    44 |    67 ||   111
Block: Shield            |    70 |   140 ||   210
